 Dungeon Sprint DCSS version 0.28-a0-697-g47f3eba078 (webtiles) character file.

Game seed: 6826153769974238160

152 mhtbhm the Thrower (level 5, -1/41 HPs)
             Began as a Human Hunter on Oct 24, 2021.
             Splashed by a jelly's acid (9 damage)
             ... in the Dungeon (Sprint III: "The Ten Rune Challenge").
             The game lasted 00:02:30 (697 turns).

mhtbhm the Thrower (Human Hunter)                    Turns: 697, Time: 00:02:31

Health: -1/41      AC: -11   Str: 14    XL:     5   Next: 60%
Magic:  5/5        EV: 13    Int: 11    God:
Gold:   31         SH:  0    Dex: 15    Spells: 4/4 levels left

rFire   + . .      SeeInvis .   a - +0 short sword
rCold   . . .      Faith    .   (no shield)
rNeg    . . .      Spirit   .   b - +0 leather armour
rPois   .          Reflect  .   (no helmet)
rElec   .          Harm     .   i - +0 cloak
rCorr   .          Rampage  .   (no gloves)
Will    .....      NoTele   +   (no boots)
Stlth   ++........              (no amulet)
HPRegen 0.13/turn               (no ring)
MPRegen 0.09/turn               (no ring)

@: corroded
A: agile 1, fire resistance 1
a: no special abilities


You were in the Dungeon.
You visited 1 branch You collected 31 gold pieces.

Inventory:

Hand Weapons
 a - a +0 short sword (weapon)
Armour
 b - a +0 leather armour (worn)
 i - a +0 cloak (worn)
Scrolls
 j - a scroll of blinking
 k - a scroll of amnesia
 m - 2 scrolls of immolation
Potions
 h - 2 potions of magic
 l - 2 potions of mutation
 n - a potion of brilliance {unknown}
 o - 2 potions of resistance {unknown}
 q - 2 potions of flight


   Skills:
 + Level 3.3 Fighting
 + Level 2.6 Short Blades
 + Level 9.2 Throwing
 + Level 2.3 Armour
 + Level 3.9 Dodging
 + Level 2.0 Stealth


You had 4 spell levels left.
You didn't know any spells.
Your spell library contained the following spells:

 Spells                   Type           Power      Damage    Failure   Level
 Summon Forest            Summ/Tloc      0%         N/A       100%        5
 Eringya's Noxious Bog    Tmut/Pois      0%         N/A       100%        6
 Summon Hydra             Summ           0%         N/A       100%        7


Dungeon Overview and Level Annotations

Branches:
Dungeon (1/1)

Altars:
Kikubaaqudgha
Sif Muna
Vehumet


Innate Abilities, Weirdness & Mutations

You are agile. (Dex +2)
Your flesh is heat resistant. (rF+)


Message History

Unknown command.
Throw: 5 javelins
Press: ? - help, Q - select action Shift-Dir - straight line, f/p - jelly
Aim: a jelly (heavily wounded, 90% to hit)
You throw a javelin. The javelin barely misses the jelly.
The jelly barely misses you.
Unknown command.
Unknown command.
Throw: 4 javelins
Press: ? - help, Q - select action Shift-Dir - straight line, f/p - jelly
Aim: a jelly (heavily wounded, 90% to hit)
You throw a javelin.
The javelin pierces through the jelly but does no damage.
The jelly is heavily wounded.
The jelly misses you.
Unknown command.
Throw: 3 javelins
Press: ? - help, Q - select action Shift-Dir - straight line, f/p - jelly
Aim: a jelly (heavily wounded, 90% to hit)
You throw a javelin. The javelin pierces through the jelly!
The jelly is almost dead.
The jelly barely misses you.
Unknown command.
Throw: 2 javelins
Press: ? - help, Q - select action Shift-Dir - straight line, f/p - jelly
Aim: a jelly (almost dead, 90% to hit)
You throw a javelin. The javelin barely misses the jelly.
The jelly misses you.
Unknown command.
Unknown command.
Throw: javelin
Press: ? - help, Q - select action Shift-Dir - straight line, f/p - jelly
Aim: a jelly (almost dead, 90% to hit)
You throw a javelin.
The javelin pierces through the jelly but does no damage.
The jelly is almost dead.
The jelly hits you.
* * * LOW HITPOINT WARNING * * *
You are splashed with acid!
You die...

▓▓▓▓▓ ▓▓▓ ..♣.♣ ♣.#
...♣♣♣ ♣.# ...♣.♣ ♣♣.#
...≈.♣ ♣..###+#+###+##
..≈≈♣♣ ♣.#..........#
.≈≈≈≈♣♣♣♣.'.⌠...@J..(#
.≈≈≈≈≈≈.♣.#...######'#
≈≈≈≈≈≈....#.⌠.# ..#
≈≈≈≈≈..)..#...# ..J#
≈≈≈.......#'### #...#
..........#.).# #...+
..........#___# +...#
▓▓▓▓▓▓▓▓▓▓▓▓▓▓▓ ▓▓▓▓▓


You could see a jelly.

Vanquished Creatures
  A water elemental (D)
  Crazy Yiuf (D)
  A wizard (D)
  A human (D)
  A kobold demonologist (D)
  An endoplasm (D)
  3 rats (D)
9 creatures vanquished.

Notes
Turn   | Place    | Note
-------+----------+-------------------------------------------
     0 | D        | mhtbhm the Human Hunter began the quest for the Orb.
     0 | D        | Reached XP level 1. HP: 16/16 MP: 1/1
    80 | D        | Reached skill level 6 in Throwing
    80 | D        | Reached XP level 2. HP: 23/23 MP: 2/2
    80 | D        | Reached XP level 3. HP: 28/28 MP: 3/3
   211 | D        | Noticed Crazy Yiuf
   216 | D        | Killed Crazy Yiuf
   217 | D        | Reached skill level 1 in Short Blades
   217 | D        | Reached skill level 7 in Throwing
   217 | D        | Reached XP level 4. HP: 34/34 MP: 4/4
   261 | D        | Gained mutation: You are agile. (Dex +2) [potion of
                  | mutation]
   261 | D        | Gained mutation: Your flesh is heat resistant. (rF+)
                  | [potion of mutation]
   286 | D        | Noticed a water elemental
   294 | D        | Killed a water elemental
   295 | D        | Reached skill level 8 in Throwing
   295 | D        | Reached skill level 1 in Armour
   295 | D        | Reached XP level 5. HP: 41/41 MP: 5/5
   394 | D        | Found a radiant altar of Vehumet.
   395 | D        | Found a shimmering blue altar of Sif Muna.
   395 | D        | Found an ancient bone altar of Kikubaaqudgha.
   400 | D        | Noticed a chaos spawn
   405 | D        | Reached skill level 9 in Throwing
   697 | D        | Splashed by a jelly's acid

Illustrated notes

Levels and vault maps discovered:
D:        dungeon_sprint_mu [sprint_mu_entry_forest, sprint_mu_temple_rooms,
          sprint_mu_d1_horrors, sprint_mu_d2_genie, sprint_mu_d3_branching,
          sprint_mu_orc_legion, sprint_mu_elf_gauntlet, sprint_mu_hive_nellie,
          sprint_mu_lair_fedhas, sprint_mu_vaults_butterflies,
          sprint_mu_slime_circle, sprint_mu_shoals_archi,
          sprint_mu_snake_twists, sprint_mu_blade_basic,
          sprint_mu_crypt_chambers, sprint_mu_tomb_spiral,
          sprint_mu_vestibule_basic, sprint_mu_gehenna_hellfire,
          sprint_mu_dis_giant, sprint_mu_tartarus_statrot,
          sprint_mu_cocytus_islands, sprint_mu_zot1]

Skill      XL: |  1  2  3  4  5 |
---------------+----------------+-----
Throwing       | 6 7 8 9 |  9.2
Short Blades   | 1 2 |  2.6
Dodging        | 3 |  3.9
Fighting       | 3 |  3.3
Armour         | 1 2 |  2.3
Stealth        | 2 |  2.0

Action                   |  1- 3 |  4- 6 || total
-------------------------+-------+-------++-------
Melee: Short sword       |    17 |    14 ||    31
Throw: Throwing net      |     2 |     1 ||     3
       Javelin           |     4 |    17 ||    21
  Use: Potion            |     1 |     4 ||     5
       Scroll            |       |     3 ||     3
 Stab: Held in net/web   |     1 |       ||     1
Armor: Leather armour    |     4 |     2 ||     6
Dodge: Dodged            |     9 |    20 ||    29

Table legend: (Time is in decaauts)
 A = Elapsed time spent in this place.
 B = Non-inter-level travel time spent in this place.
 C = Inter-level travel time spent in this place.
 D = Time resting spent in this place.
 E = Time spent auto-exploring this place.
 F = Levels seen in this place.
 G = Mean time per level.
                   A        B        C        D        E       F      G
               +--------+--------+--------+--------+--------+-----+--------+
         Total |    702 |    702 |      0 |    413 |      0 |   1 |  702.0 |
       Dungeon |    702 |    702 |      0 |    413 |      0 |   1 |  702.0 |
               +--------+--------+--------+--------+--------+-----+--------+

Top non-repeatable levels by time:
       D: 702 daAuts
